AoeStats
← RiseoftheRuben

Arena

510548084Analyzed
1v1 RM · 8h ago on Oct 1, 2026· 28m 48s· 2 players
Game mode
Random Map
Map size
Tiny (2 player)
Population
200
Speed
Normal
Resources
Standard
Victory
Conquest
Starting age
Dark Age
Ending age
Imperial Age
RankedLock teamsTeams togetherTeam positionsShared explorationLock speedFull tech treeHidden civsTurbo modeCheats
Victory
Defeat
🇪🇨 Tupi · Ecuador
1949
+8
🇩🇪 Ethiopians · Germany
1755
-8
Eärnur
10:35 Feudal Age
12:31 Double-Bit Axe
14:53 Castle Age
13:26 Horse Collar
13:46 Champi Runner
15:55 Bow Saw
17:22 Squires
17:41 Heavy Plow
23:13 Wheelbarrow
25:02 Sanctity
26:51 Redemption
31:10 Imperial Age
29:18 Gold Mining
RiseoftheRuben
10:09 Feudal Age
10:50 Double-Bit Axe
13:38 Castle Age
11:53 Horse Collar
14:41 Bow Saw
20:34 Wheelbarrow
21:02 Loom
22:16 Hand Cart
21:59 Town Watch
27:09 Imperial Age
24:58 Padded Archer Armor
24:50 Fletching
25:05 Crossbowman
25:51 Thumb Ring
26:24 Bodkin Arrow
30:02 Imperial Age
Connection lost

Rejoining the realm…

Still unreachable

The connection could not be restored.

Session expired

The server has moved on; the page needs a fresh start.